 Dungeon Crawl Stone Soup version 0.27-a0-1612-gde56a17b89 (webtiles) character file.

Game seed: 17688970575244076917

138 pkoi the Ruffian (level 5, 0/50 HPs)
             Began as a Troll Monk on July 21, 2021.
             Was a Believer of Okawaru.
             Slain by Grinder (1 damage)
             ... while paralysed by Grinder
             ... on level 3 of the Dungeon.
             The game lasted 00:02:44 (2037 turns).

pkoi the Ruffian (Troll Monk)                       Turns: 2037, Time: 00:02:44

Health: 0/50       AC:  4    Str: 20    XL:     5   Next: 1%
Magic:  4/4        EV:  1    Int:  6    God:    Okawaru [**....]
Gold:   72         SH:  0    Dex: 12    Spells: 4/4 levels left

rFire    . . .     SeeInvis .     - Unarmed
rCold    . . .     Faith    .   (no shield)
rNeg     . . .     Spirit   .   a - +0 robe
rPois    .         Reflect  .   (helmet restricted)
rElec    .         Harm     .   (no cloak)
rCorr    .         Rampage  .   (gloves unavailable)
Will     .....                  (boots unavailable)
Stlth    ++........             (no amulet)
HPRegen  1.16/turn              (no ring)
MPRegen  0.09/turn              (no ring)

@: paralysed
A: large, unfitting armour, claws 3, regeneration 1, shaggy fur 1, tough skin 1
a: Renounce Religion, Heroism


You were on level 3 of the Dungeon.
You worshipped Okawaru.
Okawaru was pleased with you.
You visited 1 branch of the dungeon, and saw 3 of its levels.

You collected 72 gold pieces.

Inventory:

Missiles
 j - 24 poisoned darts (quivered)
Armour
 a - a +0 robe (worn)
Jewellery
 g - a ring of positive energy
Wands
 c - a wand of paralysis (7)
 d - a wand of charming (7)
Scrolls
 b - a scroll of enchant weapon {unknown}
 e - a scroll of silence {unknown}
 f - a scroll of amnesia {unknown}
Potions
 i - a potion of curing {unknown}


   Skills:
 - Level 2.4 Fighting
 - Level 2.4 Dodging
 - Level 1.0 Stealth
 + Level 5.7 Unarmed Combat


You had 4 spell levels left.
You didn't know any spells.
Your spell library contained the following spells:

 Spells                   Type           Power      Damage    Failure   Level
 Inner Flame              Hex/Fire       0%         N/A       83%         3
 Cause Fear               Hex            0%         N/A       99%         4
 Discord                  Hex            0%         N/A       100%        8


Dungeon Overview and Level Annotations

Branches:
Dungeon (3/15)

Altars:
Okawaru

Annotations:
D:3 Grinder


Innate Abilities, Weirdness & Mutations

You are too large for most types of armour.
You have claws for hands.
Your natural rate of healing is unusually fast.
You are covered in fur. (AC +1)
You have tough skin. (AC +1)


Message History

Grinder is lightly wounded.
Grinder hits you but does no damage.
You closely miss Grinder.
Grinder is lightly wounded.
Grinder says, "I used to sell toenails on the black market."
Grinder misses you.
You closely miss Grinder.
Grinder is lightly wounded.
Grinder barely misses you.
You claw Grinder!
Grinder is moderately wounded.
Grinder zaps a wand.
The puff of flame misses you.
You scratch Grinder.
Grinder is moderately wounded.
Grinder says, "What is the universe for?"
Grinder closely misses you.
You barely miss Grinder.
Grinder is moderately wounded.
Grinder hits you.
You writhe in agony.
You claw Grinder!
Grinder is heavily wounded.
Grinder hits you.
You writhe in agony.
You barely miss Grinder.
Grinder is heavily wounded.
Grinder gestures at you.
You suddenly lose the ability to move!
Grinder says, "There's only one good use for a tongue: cutting it out."
Grinder hits you.
You writhe in agony.
Grinder hits you but does no damage.
Grinder zaps a wand.
The puff of flame hits you. Grinder hits you!
* * * LOW HITPOINT WARNING * * *
You writhe in agony.
* * * LOW HITPOINT WARNING * * *
Grinder zaps a wand.
The puff of flame hits you.
* * * LOW HITPOINT WARNING * * *
Grinder hits you!
* * * LOW HITPOINT WARNING * * *
You writhe in agony.
You die...

### ########## #.. #.
.........# #.# ..
(........# #.####.#
<........# #.#...
.........######.#!####
...........)..)>@5...#
.........##<###).....#
.........##.# #...#.##
.........##.# ##....#
.........##.# ##....#
....)....##.. ###.#
.........####. .#
.........# $# #
......... .


You could see Grinder.

Vanquished Creatures
  2 orc wizards
  2 adders
  3 dart slugs (D:1)
  5 orcs (D:3)
  5 bats
  5 endoplasms
  2 giant cockroaches
  2 goblins (D:2)
  5 hobgoblins
  14 jackals
  2 quokkas (D:1)
  A ball python (D:3)
  4 frilled lizards
  A jackal skeleton (D:2)
  2 kobolds
55 creatures vanquished.

Notes
Turn   | Place    | Note
-------+----------+-------------------------------------------
     0 | D:1      | pkoi the Troll Monk began the quest for the Orb.
     0 | D:1      | Reached XP level 1. HP: 22/22 MP: 0/0
    66 | D:1      | Reached XP level 2. HP: 24/29 MP: 1/1
   373 | D:1      | Reached skill level 4 in Unarmed Combat
   948 | D:1      | Found a faded altar of an unknown god.
   998 | D:2      | Reached XP level 3. HP: 35/36 MP: 2/2
  1218 | D:2      | Found an iron altar of Okawaru.
  1228 | D:2      | Became a worshipper of Warmaster Okawaru
  1228 | D:2      | Reached * piety under Okawaru
  1228 | D:2      | Reached ** piety under Okawaru
  1750 | D:3      | Noticed Grinder
  1795 | D:3      | Paralysed by Grinder for 2 turns
  1803 | D:3      | Paralysed by Grinder for 2 turns
  1822 | D:2      | Reached skill level 5 in Unarmed Combat
  1822 | D:2      | Reached XP level 4. HP: 13/44 MP: 3/3
  2022 | D:3      | Reached XP level 5. HP: 32/50 MP: 4/4
  2031 | D:3      | Paralysed by Grinder for 7 turns
  2037 | D:3      | HP: 1/50 [Grinder (7)]
  2037 | D:3      | Slain by Grinder

Illustrated notes

Levels and vault maps discovered:
D:1:      eino_arrival_water_star, layout_basic,
          shapermc_ecumenical_altar_mp_urbaneastern
D:2:      minmay_wonky_spiral, layout_basic, basic_altar
D:3:      layout_basic, nicolae_tso_besieged_by_evil, minmay_misc_feat_chi,
          uniq_grinder

Skill      XL: |  1  2  3 |
---------------+----------+-----
Unarmed Combat | 4 5 |  5.7
Fighting       | |  2.4
Dodging        | |  2.4
Stealth        | |  1.0

Action                   |  1- 3 |  4- 6 || total
-------------------------+-------+-------++-------
Melee: Unarmed           |   120 |    30 ||   150
       Punch             |     1 |       ||     1
Invok: Heroism           |     1 |       ||     1
  Use: Potion            |     1 |       ||     1
Armor: Robe              |    42 |     7 ||    49
Dodge: Dodged            |    67 |    15 ||    82

Table legend: (Time is in decaauts)
 A = Elapsed time spent in this place.
 B = Non-inter-level travel time spent in this place.
 C = Inter-level travel time spent in this place.
 D = Time resting spent in this place.
 E = Time spent auto-exploring this place.
 F = Levels seen in this place.
 G = Mean time per level.
                   A        B        C        D        E       F      G
               +--------+--------+--------+--------+--------+-----+--------+
         Total |   2027 |   1844 |    183 |     29 |   1465 |   3 |  675.7 |
       Dungeon |   2027 |   1844 |    183 |     29 |   1465 |   3 |  675.7 |
               +--------+--------+--------+--------+--------+-----+--------+

Top non-repeatable levels by time:
     D:1: 971 daAuts
     D:2: 851 daAuts
     D:3: 204 daAuts
